[Event "Titled Tuesday Blitz January 17 Early 2023"]
[White "Tarnowska, Aleksandra"]
[Black "Ruiz Castillo, Joshua Daniel"]
[WhiteFideId "1180967"]
[BlackFideId "4400704"]
[WhiteElo "1835"]
[BlackElo "2459"]
[Result "1/2-1/2"]
[Round "08"]
[TimeControl "180+2"]
[Date "2023.01.17"]
[WhiteClock "0:00:10"]
[BlackClock "0:02:03"]

1. e4 c5 2. Nf3 d6 3. Bb5+ Nd7 4. O-O a6 5. Bxd7+ Bxd7 6. d4 cxd4 7. Nxd4 e5 8. Nb3 h6 9. Nc3 Nf6 10. Re1 Rc8 11. Nd5 Nxd5 12. exd5 Be7 13. c3 O-O 14. Be3 Bg5 15. Qh5 f5 16. Bxg5 hxg5 17. Qg6 Qf6 18. Qxf6 gxf6 19. Na5 b6 20. Nb7 Rc7 21. Nxd6 Rd8 22. g4 fxg4 23. Ne4 Kg7 24. Rad1 Kg6 25. Rd2 f5 26. Ng3 e4 27. Rd4 Bc8 28. d6 Rc5 29. Red1 Rd7 30. Rd5 Bb7 31. Rxc5 bxc5 32. b4 cxb4 33. cxb4 f4 34. Ne2 Kf5 35. Nc3 Ke5 36. Kf1 Rxd6 37. Rxd6 Kxd6 38. Ke2 Ke5 39. Kd2 Bd5 40. a4 Bc4 41. b5 axb5 42. axb5 Kd4 43. b6 Ba6 44. Na4 Bb7 45. Nc3 Kc5 46. Nd1 Kxb6 47. Kc3 Kc5 48. Nb2 Ba6 49. Na4+ Kd5 50. Nb6+ Ke5 51. Nd7+ Kf5 52. Nc5 Bf1 53. Kd4 Bg2 54. Nb3 Bf3 55. Nd2 e3 56. fxe3 Ba8 57. e4+ Ke6 58. Kd3 Bc6 59. Nc4 Bb5 60. Kd4 Bxc4 61. Kxc4 Ke5 62. Kd3 g3 63. hxg3 fxg3 64. Ke3 g4 65. Ke2 Kxe4 66. Kf1 Kf3 67. Kg1 Kf4 68. Kh1 Kg5 69. Kg1 Kh5 70. Kh1 Kh4 71. Kg2 Kg5 72. Kxg3 Kf5 73. Kg2 Kf4 74. Kf2 g3+ 75. Kg2 Kg4 76. Kg1 Kh4 77. Kg2 Kg4 78. Kg1 Kg5 79. Kg2 Kf4 80. Kg1 Kf3 81. Kf1 Ke3 82. Ke1 Kf4 83. Kf1 Ke3 84. Kg2 Kf4 85. Kg1 Kg4 86. Kg2 Kh4 87. Kg1 Kh3 88. Kh1 Kg4 89. Kg2 Kf4 1/2-1/2


[Site "https://www.chess.com"]

[Event "Titled Tuesday Blitz January 17 Early 2023"]
[White "Atakhan, Abtin"]
[Black "Melikhov, Evgeny V."]
[WhiteFideId "22502203"]
[BlackFideId "4122046"]
[WhiteElo "2422"]
[BlackElo "2269"]
[Result "1-0"]
[Round "08"]
[TimeControl "180+2"]
[Date "2023.01.17"]
[WhiteClock "0:01:27"]
[BlackClock "0:00:05"]

1. d4 Nf6 2. c4 e6 3. Nf3 d5 4. Nc3 Bb4 5. Bg5 h6 6. Bxf6 Qxf6 7. e3 O-O 8. Rc1 c5 9. cxd5 exd5 10. a3 Bxc3+ 11. Rxc3 c4 12. Be2 Bf5 13. Ne5 Nd7 14. Bf3 Nxe5 15. dxe5 Qxe5 16. Qxd5 Qxd5 17. Bxd5 Rac8 18. Bxc4 a6 19. Ke2 b5 20. Bd3 Rxc3 21. bxc3 Be6 22. Ra1 Rc8 23. Kd2 Bb3 24. Rb1 Bc4 25. Bxc4 Rxc4 26. Rb4 Rc6 27. Kd3 f5 28. a4 bxa4 29. Rxa4 Kf7 30. Ra5 Ke6 31. c4 g5 32. f4 g4 33. e4 fxe4+ 34. Kd4 e3 35. Re5+ Kf6 36. Rxe3 Rd6+ 37. Kc3 Rd1 38. g3 a5 39. Re2 Rf1 40. Kd4 h5 41. Kd5 h4 42. c5 hxg3 43. hxg3 Rf3 44. c6 Rxg3 45. c7 Rc3 46. Kd6 Kf5 47. Re5+ Kxf4 48. Rc5 1-0


[Site "https://www.chess.com"]

[Event "Titled Tuesday Blitz January 17 Early 2023"]
[White "Vovk, Orest"]
[Black "Houska, Jovanka"]
[WhiteFideId "14113490"]
[BlackFideId "405094"]
[WhiteElo "2315"]
[BlackElo "2338"]
[Result "1-0"]
[Round "08"]
[TimeControl "180+2"]
[Date "2023.01.17"]
[WhiteClock "0:00:26"]
[BlackClock "0:00:02"]

1. h4 d5 2. h5 h6 3. e4 dxe4 4. Nc3 Nf6 5. Qe2 Nbd7 6. Nxe4 Nxe4 7. Qxe4 Nf6 8. Qd3 Qxd3 9. Bxd3 Bg4 10. Be2 Bxe2 11. Nxe2 e6 12. d4 c5 13. Be3 Nd5 14. O-O-O Nxe3 15. fxe3 Be7 16. d5 exd5 17. Rxd5 Rd8 18. c4 b6 19. Kc2 g6 20. g4 Bg5 21. Kd3 Ke7 22. Nc3 Kf6 23. Ne4+ Kg7 24. hxg6 Kxg6 25. Rf1 f6 26. Nd6 Rh7 27. Nf5 Rhd7 28. e4 h5 29. gxh5+ Kxh5 30. Rh1+ Kg6 31. a3 Bf4 32. b4 cxb4 33. axb4 Bg5 34. Kd4 a5 35. bxa5 bxa5 36. Ra1 Bd2 37. Ra2 Bb4 38. Rg2+ Kf7 39. c5 Ke6 40. Ng7+ Kf7 41. c6 Rd6 42. Nf5 1-0


[Site "https://www.chess.com"]

[Event "Titled Tuesday Blitz January 17 Early 2023"]
[White "Jiganchine, Roman"]
[Black "Novikov, Evgenij"]
[WhiteFideId "2603667"]
[BlackFideId "4125380"]
[WhiteElo "2205"]
[BlackElo "2276"]
[Result "1/2-1/2"]
[Round "08"]
[TimeControl "180+2"]
[Date "2023.01.17"]
[WhiteClock "0:00:08"]
[BlackClock "0:00:02"]

1. e4 c5 2. Nf3 Nc6 3. Bb5 g6 4. O-O Bg7 5. Re1 e5 6. Bxc6 dxc6 7. c3 Ne7 8. a4 a5 9. d3 O-O 10. h3 b6 11. Na3 Ba6 12. Nc4 Qc7 13. Bg5 h6 14. Bh4 Bxc4 15. dxc4 g5 16. Bg3 Ng6 17. Nh2 Rad8 18. Qc2 Rd7 19. Nf1 Nf4 20. Rad1 Rfd8 21. Ne3 h5 22. Rxd7 Rxd7 23. h4 g4 24. Rd1 Bf6 25. Nf5 Qd8 26. Rxd7 Qxd7 27. Nh6+ Kg7 28. Nf5+ Kg6 29. Ne3 Qd3 30. Bxf4 Qxc2 31. Nxc2 exf4 32. Ne1 Bxh4 33. Nd3 Bf6 34. Nxf4+ Kg5 35. Nd3 h4 36. Kf1 h3 37. Kg1 Be7 38. Kh2 Bd6+ 39. Kh1 hxg2+ 40. Kxg2 f5 41. e5 Bc7 42. f4+ gxf3+ 43. Kxf3 f4 44. Ke4 f3 45. e6 Kf6 46. Kxf3 Kxe6 47. Ke4 Bg3 48. Nc1 Be1 49. Nd3 Bd2 50. Kf3 Kf5 51. Ke2 Bg5 52. Kf3 Bd2 53. Nf2 Bc1 54. Nd3 Bh6 55. Nf2 Ke5 56. Nd3+ Kd6 57. Ke4 Bg5 58. Nf2 Bc1 59. Nd3 Bd2 60. Kf5 Be3 61. Kf6 Bd2 62. Kf5 Bh6 63. Ke4 Bd2 64. Kf5 1/2-1/2


[Site "https://www.chess.com"]

[Event "Titled Tuesday Blitz January 17 Early 2023"]
[White "Vagman, Roy"]
[Black "Kalajzic, Ivan"]
[WhiteFideId "2828995"]
[BlackFideId "14506378"]
[WhiteElo "2273"]
[BlackElo "2062"]
[Result "1-0"]
[Round "08"]
[TimeControl "180+2"]
[Date "2023.01.17"]
[WhiteClock "0:01:31"]
[BlackClock "0:00:07"]

1. Nf3 Nc6 2. c4 e5 3. Nc3 Bc5 4. e3 d6 5. d4 exd4 6. exd4 Bb6 7. h3 Bf5 8. Be2 Nf6 9. O-O O-O 10. a3 a5 11. d5 Ne5 12. Nd4 Bg6 13. Be3 Re8 14. Qd2 Qd7 15. f4 Nxc4 16. Bxc4 Ne4 17. Nxe4 Rxe4 18. Rae1 Rae8 19. Bf2 f5 20. b3 Qe7 21. Ne6 Bxf2+ 22. Rxf2 c6 23. Rxe4 fxe4 24. f5 Bf7 25. dxc6 bxc6 26. Qd4 Bxe6 27. Bxe6+ Kh8 28. Qxe4 d5 29. Qe5 Qc5 30. f6 Qc1+ 31. Kh2 Qh6 32. f7 Rf8 33. Qd6 g6 34. Qe5+ Qg7 35. Rf6 h5 36. Qg5 Kh7 37. Rxg6 Qxg6 38. Bf5 Rxf7 39. Qxg6+ 1-0


[Site "https://www.chess.com"]

[Event "Titled Tuesday Blitz January 17 Early 2023"]
[White "Levitan, Caleb Levi"]
[Black "Tokhirjonova, Gulrukhbegim"]
[WhiteFideId "14332620"]
[BlackFideId "14203626"]
[WhiteElo "2129"]
[BlackElo "2340"]
[Result "0-1"]
[Round "08"]
[TimeControl "180+2"]
[Date "2023.01.17"]
[WhiteClock "0:00:02"]
[BlackClock "0:00:16"]

1. e4 e5 2. Nf3 Nc6 3. Bb5 a6 4. Ba4 Nf6 5. Qe2 b5 6. Bb3 Bc5 7. c3 O-O 8. O-O d6 9. Rd1 Bg4 10. d3 Qe7 11. Nbd2 Nh5 12. Nf1 Bb6 13. h3 Bd7 14. Bg5 Nf4 15. Qd2 Qe8 16. Bxf4 exf4 17. Qxf4 Kh8 18. d4 f5 19. e5 dxe5 20. dxe5 Be6 21. Bd5 h6 22. Bxe6 Qxe6 23. Ng3 Rae8 24. Re1 Rd8 25. Rad1 g5 26. Nxg5 hxg5 27. Qxg5 Rxd1 28. Rxd1 Nxe5 29. Qh5+ Kg8 30. Qg5+ Qg6 31. Qf4 Nc4 32. b3 Nd6 33. Nf1 Ne4 34. Rd3 Nxf2 35. Rg3 Ne4+ 36. Kh2 Nxg3 37. Nxg3 Rf7 38. Ne2 Bc5 39. Ng3 Bd6 40. Qf3 Rg7 41. Qa8+ Kh7 0-1


[Site "https://www.chess.com"]

[Event "Titled Tuesday Blitz January 17 Early 2023"]
[White "Petrova, Irina"]
[Black "Estrada Nieto, Julian"]
[WhiteFideId "14124122"]
[BlackFideId "5101018"]
[WhiteElo "2108"]
[BlackElo "2215"]
[Result "1-0"]
[Round "08"]
[TimeControl "180+2"]
[Date "2023.01.17"]
[WhiteClock "0:00:09"]
[BlackClock "0:00:09"]

1. e4 e5 2. Nf3 Nc6 3. Bb5 a6 4. Ba4 Nf6 5. Bxc6 dxc6 6. d3 Nd7 7. Nbd2 f6 8. Nc4 Be7 9. Ne3 Nc5 10. O-O O-O 11. Nh4 g6 12. Ng4 f5 13. Nh6+ Kg7 14. N4xf5+ gxf5 15. Nxf5+ Bxf5 16. exf5 Kh8 17. g4 Rg8 18. f3 Bg5 19. Qe2 Qd4+ 20. Kh1 Bxc1 21. Raxc1 Rae8 22. b3 Qd5 23. Qg2 Nd7 24. Rce1 Nf6 25. h3 Nh5 26. Kh2 Nf4 27. Qd2 Qd8 28. Rg1 Qh4 29. Rg3 h5 30. Qc3 Qf6 31. Re4 hxg4 32. Rxf4 gxh3 33. Rxh3+ Kg7 34. Rg4+ Kf8 35. Qc5+ Qd6 36. Qxd6+ cxd6 37. Rh7 Rxg4 38. fxg4 Re7 39. Rxe7 Kxe7 40. Kg3 Kf6 41. Kf3 d5 42. Ke3 Kg5 43. c4 b5 44. cxb5 cxb5 45. Kf3 b4 46. Kg3 a5 47. Kh3 e4 48. dxe4 d4 49. Kg3 d3 50. Kf2 Kf4 51. f6 Kxe4 52. f7 d2 53. Ke2 d1=Q+ 54. Kxd1 Ke5 55. f8=Q Kd4 56. Qa8 Kc3 57. Qxa5 Kb2 58. Qxb4 Kxa2 59. Qb7 Kb2 60. g5 Kc3 61. g6 Kb2 62. g7 Kc3 63. g8=Q Kb2 64. Qgg7+ 1-0


[Site "https://www.chess.com"]

[Event "Titled Tuesday Blitz January 17 Early 2023"]
[White "Gatterer, Florian"]
[Black "Vasques, Antonio Pedro Freixial"]
[WhiteFideId "811688"]
[BlackFideId "1908332"]
[WhiteElo "2170"]
[BlackElo "2214"]
[Result "1/2-1/2"]
[Round "08"]
[TimeControl "180+2"]
[Date "2023.01.17"]
[WhiteClock "0:00:24"]
[BlackClock "0:00:14"]

1. Nf3 Nf6 2. c4 g6 3. b3 Bg7 4. Bb2 O-O 5. g3 c6 6. Bg2 d5 7. O-O a5 8. d3 Na6 9. Nbd2 Bg4 10. h3 Bf5 11. Re1 Qd7 12. Kh2 Rfd8 13. Qc1 a4 14. e4 Be6 15. Ng5 dxe4 16. Nxe6 Qxe6 17. dxe4 Nc5 18. Bf1 axb3 19. axb3 Rxa1 20. Bxa1 Nfd7 21. Bxg7 Kxg7 22. Qc3+ Qe5 23. Qb4 Qd4 24. Kg1 Ne5 25. Re2 Ncd3 26. Qa5 b6 27. Qa3 Rd7 28. Kg2 Nc5 29. Nf3 Nxf3 30. Kxf3 Qc3+ 31. Kg2 Rd1 32. Qb2 Qxb2 33. Rxb2 Nxe4 34. Re2 Nc5 35. Rxe7 Nxb3 36. Rb7 b5 37. cxb5 cxb5 38. Rxb5 Nd4 39. Rd5 Rd2 40. Bc4 Nb3 41. Rxd2 Nxd2 42. Bd3 Nb3 1/2-1/2


[Site "https://www.chess.com"]

[Event "Titled Tuesday Blitz January 17 Early 2023"]
[White "Abdilkhair, Abilmansur"]
[Black "Bon, Michael"]
[WhiteFideId "13716417"]
[BlackFideId "620696"]
[WhiteElo "2268"]
[BlackElo "2394"]
[Result "0-1"]
[Round "08"]
[TimeControl "180+2"]
[Date "2023.01.17"]
[WhiteClock "0:00:05"]
[BlackClock "0:00:12"]

1. a3 g6 2. c4 Bg7 3. Nf3 e5 4. Nc3 Ne7 5. b4 c6 6. Bb2 d5 7. cxd5 cxd5 8. d4 e4 9. Nd2 e3 10. Nf3 Nf5 11. fxe3 Nxe3 12. Qd3 Qe7 13. Ne5 Qh4+ 14. g3 Qxd4 15. Qxd4 Nc2+ 16. Kf2 Nxd4 17. Nd3 Ne6 18. Nxd5 Bxb2 19. Nxb2 O-O 20. Ne7+ Kg7 21. Bg2 Nc6 22. Nxc6 bxc6 23. Bxc6 Rb8 24. Nc4 Ba6 25. Ne5 Rfc8 26. Rac1 Rc7 27. Bd5 Rbc8 28. Rxc7 Rxc7 29. Bxe6 fxe6 30. Rd1 Rc2 31. Rd7+ Kf6 32. Nd3 Ra2 33. Ke3 Rxa3 34. Rxa7 Ra4 35. Rxh7 Bxd3 36. exd3 Rxb4 37. Rc7 Rb2 38. h4 Rb4 39. Kf3 Rd4 40. Rc3 Kf5 41. Ke3 Rg4 42. Rc5+ e5 43. Kf3 Rd4 44. Rc3 Rxd3+ 45. Rxd3 e4+ 46. Ke3 exd3 47. Kxd3 Kg4 48. Ke3 Kxg3 49. Ke2 Kxh4 50. Kf2 Kh3 51. Kf1 Kh2 52. Kf2 g5 53. Kf3 Kh3 54. Kf2 g4 55. Kg1 Kg3 56. Kh1 Kf2 57. Kh2 g3+ 58. Kh3 g2 0-1


[Site "https://www.chess.com"]

[Event "Titled Tuesday Blitz January 17 Early 2023"]
[White "Bas Mas, Jose Joaquin"]
[Black "Kostenko, Petr"]
[WhiteFideId "22219064"]
[BlackFideId "13700669"]
[WhiteElo "2197"]
[BlackElo "2371"]
[Result "1-0"]
[Round "08"]
[TimeControl "180+2"]
[Date "2023.01.17"]
[WhiteClock "0:01:24"]
[BlackClock "0:00:13"]

1. e4 e5 2. Nf3 Nc6 3. Bc4 Nf6 4. d3 h6 5. O-O d6 6. c3 g5 7. Re1 g4 8. Nfd2 h5 9. Nf1 h4 10. d4 Qe7 11. b4 Bd7 12. a4 O-O-O 13. d5 Nb8 14. a5 Bh6 15. b5 Rdg8 16. b6 cxb6 17. axb6 a6 18. Ra2 Qd8 19. Nbd2 Qxb6 20. Rb2 Qc7 21. Qe2 Nh5 22. Nb3 Nf4 23. Bxf4 exf4 24. e5 f3 25. Qe4 fxg2 26. Ne3 dxe5 27. d6 Qc6 28. Bd5 Qxd6 29. Bxb7+ Kd8 30. Rd1 Qc7 31. Nc5 Ke7 32. Nd5+ Kf8 33. Nxc7 f5 34. Qxe5 Bg5 35. Nxd7+ Nxd7 36. Rxd7 1-0


[Site "https://www.chess.com"]

[Event "Titled Tuesday Blitz January 17 Early 2023"]
[White "Player, Edmund C"]
[Black "Legenia, Artem"]
[WhiteFideId "406520"]
[BlackFideId "14136945"]
[WhiteElo "2204"]
[BlackElo "2092"]
[Result "1-0"]
[Round "08"]
[TimeControl "180+2"]
[Date "2023.01.17"]
[WhiteClock "0:00:13"]
[BlackClock "0:01:09"]

1. e4 b6 2. d4 Bb7 3. Nc3 e6 4. Nf3 h6 5. g3 d6 6. Bg2 Nd7 7. O-O g6 8. Be3 Bg7 9. Qd2 Ne7 10. Rad1 a6 11. Rfe1 g5 12. h3 Ng6 13. Nh2 Qe7 14. a4 e5 15. d5 O-O 16. g4 Nf4 17. Ne2 Nf6 18. Ng3 Bc8 19. Nf5 Bxf5 20. gxf5 Nxg2 21. Kxg2 Nxe4 22. Qd3 Nf6 23. Ng4 Qd7 24. Nxf6+ Bxf6 25. Qe4 Kg7 26. h4 Qe7 27. hxg5 Bxg5 28. Kf3 f6 29. Ke2 Qd7 30. Rh1 b5 31. a5 Rac8 32. Rdg1 c6 33. Rxh6 cxd5 34. Rg6+ Kf7 35. Qxd5+ Ke8 36. R1xg5 fxg5 37. Re6+ Kd8 38. Bb6+ 1-0


[Site "https://www.chess.com"]

[Event "Titled Tuesday Blitz January 17 Early 2023"]
[White "Martin, Lewis"]
[Black "Forgacs, Attila Jr."]
[WhiteFideId "410551"]
[BlackFideId "773654"]
[WhiteElo "2135"]
[BlackElo "2264"]
[Result "0-1"]
[Round "08"]
[TimeControl "180+2"]
[Date "2023.01.17"]
[WhiteClock "0:02:03"]
[BlackClock "0:02:51"]

1. e4 e5 2. Nf3 Nc6 3. Bb5 a6 4. Ba4 Nf6 5. O-O Be7 6. Re1 b5 7. Bb3 O-O 8. c3 d5 9. exd5 Nxd5 10. Nxe5 Nxe5 11. Rxe5 c6 12. d4 Bd6 13. Re1 Qh4 14. g3 Qh3 15. Qd3 Bg4 16. Nd2 Rae8 17. Ne4 f5 0-1


[Site "https://www.chess.com"]

[Event "Titled Tuesday Blitz January 17 Early 2023"]
[White "Qashashvili, Alexandre"]
[Black "Nikulina, Alena"]
[WhiteFideId "13600842"]
[BlackFideId "4172051"]
[WhiteElo "2505"]
[BlackElo "1857"]
[Result "1-0"]
[Round "08"]
[TimeControl "180+2"]
[Date "2023.01.17"]
[WhiteClock "0:01:45"]
[BlackClock "0:00:26"]

1. e4 c5 2. Nc3 Nc6 3. Nf3 e6 4. d3 Nf6 5. Be2 d5 6. exd5 exd5 7. d4 Bd6 8. h3 O-O 9. O-O h6 10. Be3 cxd4 11. Nxd4 Ne5 12. Nf3 Be6 13. Bd4 Nc4 14. b3 Nb6 15. Bd3 Rc8 16. Ne2 Ne4 17. Be5 Qc7 18. Bxd6 Qxd6 19. Bxe4 Rfd8 20. Bd3 g5 21. Ned4 Qf4 22. Nxe6 fxe6 23. Qe2 Re8 24. Qe5 Qf7 25. Rae1 Nd7 26. Qg3 Kg7 27. h4 Rg8 28. hxg5 Kf8 29. g6 Qf6 30. Qh3 Kg7 31. Rxe6 1-0


[Site "https://www.chess.com"]

[Event "Titled Tuesday Blitz January 17 Early 2023"]
[White "Tarasova, Viktoriya"]
[Black "Lauridsen, Jesper Morch"]
[WhiteFideId "4175840"]
[BlackFideId "1401890"]
[WhiteElo "2226"]
[BlackElo "2309"]
[Result "1/2-1/2"]
[Round "08"]
[TimeControl "180+2"]
[Date "2023.01.17"]
[WhiteClock "0:00:54"]
[BlackClock "0:00:10"]

1. d4 d5 2. c4 e6 3. Nc3 c5 4. cxd5 cxd4 5. Qxd4 Nc6 6. Qd1 exd5 7. Nf3 d4 8. Nb1 Nf6 9. g3 h5 10. h3 h4 11. g4 Bb4+ 12. Bd2 Qb6 13. Bg2 a5 14. O-O Bxg4 15. e3 Bxd2 16. Qxd2 dxe3 17. Re1 O-O 18. Rxe3 Rad8 19. Qc1 Bxf3 20. Bxf3 Nd4 21. Nc3 Nxf3+ 22. Rxf3 Nd5 23. Qg5 Qxb2 24. Rb1 Qc2 25. Rc1 Qb2 26. Rb1 Qc2 27. Rc1 Qb2 28. Rb1 1/2-1/2


[Site "https://www.chess.com"]

[Event "Titled Tuesday Blitz January 17 Early 2023"]
[White "Miszler, Levente"]
[Black "Torres Dominguez, David"]
[WhiteFideId "763276"]
[BlackFideId "2220857"]
[WhiteElo "2271"]
[BlackElo "1994"]
[Result "1-0"]
[Round "08"]
[TimeControl "180+2"]
[Date "2023.01.17"]
[WhiteClock "0:00:40"]
[BlackClock "0:00:02"]

1. Nf3 d5 2. c4 e6 3. g3 Nf6 4. Bg2 Be7 5. O-O O-O 6. b3 c6 7. Bb2 Nbd7 8. d4 a5 9. Nbd2 a4 10. Qc2 b6 11. e4 Nxe4 12. Nxe4 dxe4 13. Qxe4 Bb7 14. Ne5 Nxe5 15. dxe5 Qc7 16. Rfd1 Ra7 17. Bc3 c5 18. Qe2 Bxg2 19. Kxg2 Rb8 20. Rab1 b5 21. cxb5 axb3 22. Rxb3 c4 23. Rb2 Rxb5 24. Rbd2 Ra3 25. Qe3 Bc5 26. Rd8+ Bf8 27. Bb4 Qb7+ 28. Kg1 Rxb4 29. Qxa3 c3 30. Ra8 c2 31. Rc1 Qxa8 32. Qxa8 Rb1 33. Kg2 Rxc1 34. Qc8 g6 35. Qc3 Kg7 36. Qb2 Rd1 37. Qxc2 Rd8 38. a4 Ra8 39. Qc4 Kg8 40. Qb5 1-0


[Site "https://www.chess.com"]

[Event "Titled Tuesday Blitz January 17 Early 2023"]
[White "Sailer, Mike"]
[Black "Gutkin, Ilya"]
[WhiteFideId "2012901"]
[BlackFideId "16203470"]
[WhiteElo "2109"]
[BlackElo "2273"]
[Result "0-1"]
[Round "08"]
[TimeControl "180+2"]
[Date "2023.01.17"]
[WhiteClock "0:00:05"]
[BlackClock "0:00:32"]

1. d4 d6 2. Bf4 Nd7 3. e3 e5 4. Bg3 g6 5. c4 Bg7 6. Nc3 Ne7 7. Nf3 O-O 8. h3 c6 9. Be2 h6 10. O-O Qc7 11. b4 f5 12. b5 f4 13. Bh2 fxe3 14. fxe3 Nf5 15. Qd3 Qb6 16. g4 exd4 17. Na4 Qa5 18. gxf5 Qxa4 19. Nxd4 Nc5 20. Qd2 Ne4 21. Qd3 gxf5 22. Bf3 c5 23. Bxe4 fxe4 24. Rxf8+ Bxf8 25. Qxe4 cxd4 26. Qg6+ Bg7 27. Qe8+ Bf8 28. Bxd6 Qxc4 29. Qxf8+ Kh7 30. Qe7+ Kg8 31. Qe8+ Kh7 32. Rf1 Qg8+ 33. Qxg8+ Kxg8 34. Rf8+ Kg7 35. exd4 b6 0-1


[Site "https://www.chess.com"]

[Event "Titled Tuesday Blitz January 17 Early 2023"]
[White "Seletsky, Grigory"]
[Black "Khamdamova, Afruza"]
[WhiteFideId "14112191"]
[BlackFideId "14210444"]
[WhiteElo "2259"]
[BlackElo "2162"]
[Result "0-1"]
[Round "08"]
[TimeControl "180+2"]
[Date "2023.01.17"]
[WhiteClock "0:00:15"]
[BlackClock "0:00:11"]

1. d4 Nf6 2. Nc3 d5 3. Bg5 e6 4. e4 Be7 5. e5 Nfd7 6. Bxe7 Qxe7 7. Qd2 O-O 8. f4 c5 9. Nf3 Nc6 10. Ne2 cxd4 11. Nexd4 Nc5 12. c3 Nxd4 13. Nxd4 Ne4 14. Qe3 f6 15. exf6 Qxf6 16. g3 e5 17. fxe5 Qxe5 18. O-O-O Bg4 19. Re1 Rac8 20. Bg2 Rfe8 21. Rhf1 Qd6 22. Bxe4 dxe4 23. Rf4 Bh5 24. Rxe4 Rxe4 25. Qxe4 Re8 26. Qh1 Qh6+ 27. Kb1 Qd2 28. Rxe8+ Bxe8 29. a3 Bg6+ 30. Ka1 h6 31. h4 a6 32. g4 b5 33. Qg1 Kh7 34. h5 Bd3 35. Nf5 a5 36. Nd4 b4 37. cxb4 axb4 38. Nb3 Qc2 39. Nd4 Qc4 40. Qe3 bxa3 41. bxa3 Qc3+ 42. Ka2 Bc4+ 43. Kb1 Qxe3 44. Nc2 Qb3+ 0-1


[Site "https://www.chess.com"]

[Event "Titled Tuesday Blitz January 17 Early 2023"]
[White "Biastoch, Bennet"]
[Black "Rodrigues, Leonardo De Miranda"]
[WhiteFideId "12939889"]
[BlackFideId "2108658"]
[WhiteElo "2257"]
[BlackElo "2112"]
[Result "1/2-1/2"]
[Round "08"]
[TimeControl "180+2"]
[Date "2023.01.17"]
[WhiteClock "0:01:45"]
[BlackClock "0:00:42"]

1. e4 c5 2. Nf3 Nc6 3. d4 cxd4 4. Nxd4 Nf6 5. Nc3 d6 6. Bg5 g6 7. Bxf6 exf6 8. Bb5 Bd7 9. O-O a6 10. Bc4 Bg7 11. Nxc6 Bxc6 12. Nd5 O-O 13. c3 Re8 14. Qd3 Rc8 15. a4 b5 16. axb5 axb5 17. Bxb5 Bxb5 18. Qxb5 Rxe4 19. Rfe1 f5 20. f3 Re5 21. Qb7 Rb8 22. Qc6 Rxb2 23. Rxe5 Bxe5 24. Ne3 Bxh2+ 25. Kxh2 Qh4+ 26. Kg1 Qf2+ 27. Kh1 Qxe3 28. Qxd6 Qh6+ 29. Kg1 Qe3+ 30. Kh1 Qh6+ 31. Kg1 Qe3+ 32. Kh1 1/2-1/2


[Site "https://www.chess.com"]

[Event "Titled Tuesday Blitz January 17 Early 2023"]
[White "Sonnenschein, Philipp"]
[Black "Sovetbekova, Nurai"]
[WhiteFideId "16250877"]
[BlackFideId "13801910"]
[WhiteElo "2224"]
[BlackElo "1764"]
[Result "1-0"]
[Round "08"]
[TimeControl "180+2"]
[Date "2023.01.17"]
[WhiteClock "0:00:14"]
[BlackClock "0:00:09"]

1. e4 c5 2. Nf3 d6 3. d4 cxd4 4. Nxd4 Nf6 5. Nc3 a6 6. Be2 e5 7. Nb3 Be7 8. Be3 Be6 9. Nd5 Bxd5 10. exd5 Nbd7 11. O-O O-O 12. c4 Rc8 13. Qd2 Ne4 14. Qa5 Qe8 15. Rac1 Ndc5 16. Nxc5 Nxc5 17. b4 Ne4 18. f3 Ng5 19. h4 Nxf3+ 20. Bxf3 Bxh4 21. c5 dxc5 22. Bxc5 Be7 23. d6 Bg5 24. Rcd1 Qd7 25. Qb6 Rb8 26. Qc7 Qb5 27. d7 Rfd8 28. a4 Qxa4 29. Bxb7 Qc2 30. Bd5 Bf6 31. Rde1 Qa4 32. Bc6 Qa2 33. Rf2 Qe6 34. Ref1 Qg4 35. Ba7 Rxb4 36. Rxf6 gxf6 37. Qxd8+ Kg7 38. Qxf6+ Kg8 39. Qxf7+ Kh8 40. Qf8+ Qg8 41. Qxg8+ Kxg8 42. d8=Q+ Kg7 43. Qf6+ Kg8 44. Qf8# 1-0


[Site "https://www.chess.com"]

[Event "Titled Tuesday Blitz January 17 Early 2023"]
[White "Bashirli, Saadat"]
[Black "Kostiukov, Alexandr"]
[WhiteFideId "13429990"]
[BlackFideId "14108100"]
[WhiteElo "1571"]
[BlackElo "2271"]
[Result "1-0"]
[Round "08"]
[TimeControl "180+2"]
[Date "2023.01.17"]
[WhiteClock "0:00:20"]
[BlackClock "0:00:44"]

1. d4 g6 2. e4 Bg7 3. Nc3 d6 4. Be2 e5 5. dxe5 dxe5 6. Qxd8+ Kxd8 7. Bg5+ f6 8. O-O-O+ Nd7 9. Be3 Bh6 10. Bxh6 Nxh6 11. Nf3 c6 12. Bc4 Ke7 13. h3 Nb6 14. Bd3 Be6 15. g4 Nf7 16. Kb1 Rad8 17. Rhg1 Ng5 18. Nxg5 fxg5 19. Rg3 Rhf8 20. Rf1 Nc4 21. Kc1 b5 22. b3 Nd6 23. Kb2 a5 24. a3 Rf7 25. Re3 Rdf8 26. Nd1 Rf3 27. Kc1 Rxe3 28. Nxe3 Rf3 29. Be2 Rxh3 30. f3 Rh2 31. Bd3 Nb7 32. b4 axb4 33. axb4 h5 34. gxh5 gxh5 35. Rg1 Kf6 36. Nf1 Rf2 37. Rg3 h4 38. Rg1 Rxf3 39. Nh2 Rg3 40. Rf1+ Kg6 41. Nf3 1-0


[Site "https://www.chess.com"]

[Event "Titled Tuesday Blitz January 17 Early 2023"]
[White "Orujov, Elshad"]
[Black "Andreev, Konstantin"]
[WhiteFideId "13403540"]
[BlackFideId "24239305"]
[WhiteElo "2304"]
[BlackElo "2195"]
[Result "0-1"]
[Round "08"]
[TimeControl "180+2"]
[Date "2023.01.17"]
[WhiteClock "0:00:09"]
[BlackClock "0:00:39"]

1. e4 c5 2. Nf3 e6 3. d4 cxd4 4. Nxd4 Nf6 5. Nc3 Nc6 6. Ndb5 Bb4 7. a3 Bxc3+ 8. Nxc3 d5 9. exd5 exd5 10. Bd3 d4 11. Ne2 Bg4 12. f3 Be6 13. O-O O-O 14. Ng3 Nd5 15. Re1 Re8 16. Ne4 h6 17. Nc5 Bc8 18. Rxe8+ Qxe8 19. Bd2 b6 20. Be4 bxc5 21. Bxd5 Be6 22. Bxe6 Qxe6 23. Qe1 Rb8 24. Qxe6 fxe6 25. b3 Kf7 26. Re1 e5 27. f4 Re8 28. fxe5 Nxe5 29. Kf1 Kf6 30. Bf4 Kf5 31. Bg3 h5 32. h3 g5 33. Re2 g4 34. hxg4+ hxg4 35. Ke1 Re6 36. Kd2 Nc6 37. Rxe6 Kxe6 38. c3 Kd5 39. Kd3 dxc3 40. Kxc3 Nd4 41. Bb8 Nb5+ 42. Kb2 a6 43. g3 Ke4 44. a4 Nd4 45. Bd6 Kd5 46. Bb8 Nc6 47. Bc7 Nd4 48. Kc3 Ne6 49. Bb8 Ng5 50. Kd3 Ne4 51. Bc7 Nf2+ 52. Kc3 Kc6 53. Bf4 Kd5 54. Bc7 Ne4+ 55. Kd3 Ng5 56. Kc3 Ne6 57. Bb8 Nd4 58. b4 cxb4+ 59. Kd3 Nc6 60. Bc7 Ne5+ 61. Bxe5 Kxe5 62. Kc4 a5 63. Kb5 b3 64. Kxa5 b2 65. Ka6 b1=Q 66. a5 Qb4 67. Ka7 Qxa5+ 68. Kb7 Qd2 69. Kc7 Qe3 70. Kd7 Qf3 71. Ke7 Qxg3 0-1


[Site "https://www.chess.com"]

[Event "Titled Tuesday Blitz January 17 Early 2023"]
[White "Dwilewicz, Katarzyna"]
[Black "Zampronha, Wladimir Camilo"]
[WhiteFideId "1148486"]
[BlackFideId "2103087"]
[WhiteElo "2115"]
[BlackElo "2176"]
[Result "1-0"]
[Round "08"]
[TimeControl "180+2"]
[Date "2023.01.17"]
[WhiteClock "0:00:32"]
[BlackClock "0:00:13"]

1. e4 c5 2. Nf3 e6 3. b3 d5 4. Bb2 dxe4 5. Ng1 Nf6 6. d3 exd3 7. Bxd3 Nc6 8. Nf3 Be7 9. a3 O-O 10. Nbd2 b6 11. Qe2 Bb7 12. O-O-O Nd4 13. Nxd4 cxd4 14. Nf3 Rc8 15. Nxd4 Nd5 16. Nf3 Nc3 17. Bxc3 Rxc3 18. Bxh7+ Kxh7 19. Rxd8 Rxd8 20. Rd1 Bxa3+ 21. Kb1 Rxd1+ 22. Qxd1 Be7 23. Qd7 Bxf3 24. Qxe7 Bxg2 25. Qxa7 Be4 26. Qe7 Bg6 27. Qh4+ Kg8 28. Qd8+ Kh7 29. Qxb6 Rxc2 30. Ka1 e5 31. b4 Bd3 32. Qe3 e4 33. b5 Rc4 34. b6 Ra4+ 35. Kb2 Rb4+ 36. Kc3 Rb1 37. f3 f5 38. fxe4 Bxe4 39. h4 Kg6 40. Qg3+ Kf7 41. Qc7+ Kf6 42. Kd4 g6 43. Qd6+ Kf7 44. Ke5 Rb5+ 45. Kf4 Rb3 46. Kg5 Rg3+ 47. Qxg3 1-0


[Site "https://www.chess.com"]